 Dungeon Crawl Stone Soup version 0.30-a0-1016-gfb0d676c02 (webtiles) character file.

Game seed: 70338106856785013

689 ytrimaz the Cleaver (level 7, -1/52 HPs)
             Began as a Formicid Fighter on Apr 7, 2023.
             Was an Initiate of Hepliaklqana.
             Slain by a raiju (4 damage)
             ... on level 5 of the Dungeon.
             The game lasted 00:05:00 (4445 turns).

ytrimaz the Cleaver (Formicid Fighter)              Turns: 4445, Time: 00:05:01

Health: -1/52      AC:  8    Str: 23      XL:     7   Next: 95%
Magic:  7/7        EV:  9    Int:  7      God:    Hepliaklqana [......]
Gold:   314        SH:  4    Dex: 10 (11) Spells: 6/6 levels left

rFire   . . .      SeeInvis +    a - +0 war axe
rCold   + . .      Faith    .    c - +0 buckler
rNeg    . . .      Spirit   .    b - +0 scale mail
rPois   .          Reflect  .    (helmet unavailable)
rElec   .          Rampage  .    (no cloak)
rCorr   .                        (no gloves)
Will    +....                    o - +0 pair of boots Stlth
                                 (no amulet)
HPRegen 0.28/turn                h - ring of protection from cold
MPRegen 0.10/turn                q - ring of willpower

@: mighty
A: permanent stasis, dig shafts and tunnels, antennae 3, four strong arms,
hooves 1, clumsy 1, deterioration 1
a: Dig, Shaft Self, Renounce Religion


You were on level 5 of the Dungeon.
You worshipped Hepliaklqana.
Hepliaklqana was noncommittal.
You visited 2 branches of the dungeon, and saw 6 of its levels.

You collected 314 gold pieces.


Innate Abilities, Weirdness & Mutations

You cannot be hasted, slowed, berserked, paralysed or teleported.
You can dig through walls and to a lower floor.
You have a pair of large antennae on your head. (SInv)
Your four strong arms can wield two-handed weapons with a shield.
You have large cloven feet.
You are clumsy. (Dex -2)
Your body sometimes deteriorates upon taking damage.


   Skills:
 - Level 3.2 Fighting
 + Level 8.4 Axes
 - Level 3.2 Armour
 - Level 4.0 Shields


You had 6 spell levels left.
You didn't know any spells.
Your spell library was empty.

Inventory:

Hand Weapons
 a - a +0 war axe (weapon)
Armour
 b - a +0 scale mail (worn)
 c - a +0 buckler (worn)
 o - a +0 pair of boots (worn)
   (You found it on level 1 of the Dungeon)
Jewellery
 h - a ring of protection from cold (left hand)
   (You found it on level 2 of the Dungeon)
 l - a +6 ring of intelligence
   (You found it on level 2 of the Dungeon)
 q - a ring of willpower (right hand)
   (You found it on level 3 of the Dungeon)
Wands
 i - a wand of digging (5)
   (You found it on level 4 of the Dungeon)
 r - a wand of polymorph (6) (quivered)
   (You found it on level 3 of the Dungeon)
Scrolls
 e - 4 scrolls of immolation
 f - a scroll of amnesia {unknown}
 n - 2 scrolls of poison
Potions
 g - 3 potions of curing
 j - a potion of flight
 k - a potion of ambrosia
 p - a potion of cancellation

Dungeon Overview and Level Annotations

Branches:
Dungeon (5/15) Zot: 25705  Temple (1/1) D:4 Zot: 5756

Altars:
Ashenzari
Cheibriados
Dithmenos
Elyvilon
Fedhas
Gozag
Hepliaklqana
Kikubaaqudgha
Nemelex Xobeh
Qazlal
Trog
Uskayaw
Vehumet
Wu Jian
Xom
Yredelemnul
Zin
The Shining One

Annotations:
D:2 1 runed translucent door, Crazy Yiuf

# ###
#.##.##
.#...###
...... #
...#
###.##.##
#.....@.#
#.#.###h# #
#!# #.# .# #
# #.# .#
#.#.###>#
###.#####
#.......####
#.......
###........#
#.....##
#........#
#.......


You could see a raiju.


Message History

You feel yourself wasting away.
You feel clumsy.
Your feet thicken and deform.
The raiju bursts into living lightning!
The living lightning hits you!
* * * LOW HITPOINT WARNING * * *
The raiju blinks! 😱 HP[-14]
You take 14 damage, and now have 2/52 hp.
MASSIVE DAMAGE!! (PAUSE) 😱 HP[+1]
There is a stone staircase leading up here.
Okay, then.
Unknown command.
You climb upwards.
There is a stone staircase leading down here. 😱 HP[+1] Unknown command.
You start resting. 😎 HP[+48]
Your hp is fully restored (52).
Unknown command.
It was a potion of lignification.
You turn into a tree.
Your +0 pair of boots melds into your body.
Your +0 scale mail melds into your body.
Your roots penetrate the ground. 😎 HP[+26]
You now have 78 max hp (+26).
Your hp is fully restored (78).
You cannot move.
Unknown command.
You start resting.
Your transformation is almost over.
You feel less wooden.
Your +0 pair of boots unmelds from your body.
Your +0 scale mail unmelds from your body. 😎 HP[-26]
You now have 52 max hp (-26).
You start waiting.
Done waiting.
You feel very mighty all of a sudden.
Unknown command.
You climb downwards.
There is a stone staircase leading up here.
Unknown command.
You start waiting.
A raiju is nearby!
The raiju barely misses you.
There is a stone staircase leading up here.
You closely miss the raiju. The raiju bites you.
The raiju shocks you! 😕 HP[-11]
You take 11 damage, and now have 41/52 hp.
MASSIVE DAMAGE!! (PAUSE)
You closely miss the raiju.
The raiju bites you but does no damage. 😕 HP[+1]
You hit the raiju. The raiju closely misses you.
Unknown command.
You miss the raiju. The raiju closely misses you.
You hit the raiju. The raiju closely misses you. 😕 HP[+1]
You slash the raiju! You block the raiju's attack.
Unknown command.
You barely miss the raiju.
The raiju bursts into living lightning!
The living lightning hits you!!
* * * LOW HITPOINT WARNING * * *
The raiju blinks!
The raiju pauses to sniff the ground.
The raiju bites you but does no damage. 😨 HP[-25]
You take 25 damage, and now have 18/52 hp.
MASSIVE DAMAGE!! (PAUSE)
You hit the raiju.
The raiju bites you but does no damage. 😨 HP[+1] Unknown command.
You completely miss the raiju. You block the raiju's attack.
Unknown command.
You barely miss the raiju. The raiju barely misses you.
Unknown command.
You closely miss the raiju.
The raiju bites you but does no damage. 😨 HP[+1] Unknown command.
You closely miss the raiju. The raiju bites you but does no damage.
Unknown command.
You miss the raiju.
The raiju bursts into living lightning!
The living lightning hits you!
* * * LOW HITPOINT WARNING * * *
Your body deteriorates!
You feel clumsy.
The raiju blinks! 😱 HP[-8]
You take 8 damage, and now have 12/52 hp.
Unknown command.
You slash the raiju! The raiju bites you but does no damage.
The raiju bites you.
* * * LOW HITPOINT WARNING * * *
The raiju shocks you!
* * * LOW HITPOINT WARNING * * *
😱 HP[-9]
You take 9 damage, and now have 3/52 hp.
Unknown command.
You miss the raiju. The raiju bites you.
You die...

Skill      XL: |  1  2  3  4  5  6  7 |
---------------+----------------------+-----
Axes           | 3 4 5 7 8 |  8.4
Fighting       | |  3.2
Armour         | |  3.2
Shields        | |  4.0

Action                     |  1- 3 |  4- 6 |  7- 9 || total
---------------------------+-------+-------+-------++-------
  Melee: War axe           |    65 |   119 |   126 ||   310
  Evoke: Wand              |       |       |     1 ||     1
    Use: Scroll            |       |     6 |     5 ||    11
         Potion            |       |       |     5 ||     5
 Armour: Scale mail        |    31 |    45 |    37 ||   113
  Dodge: Dodged            |    34 |    44 |    48 ||   126
  Block: Buckler           |    19 |    32 |    31 ||    82

Levels and vault maps discovered:
D:1:      tarquinn_simple_flora_water_e, layout_basic
D:2:      layout_rooms, serial_corexii_hall, chequers_hall_statues_corner_a,
          corexii_hall_statues_x, minmay_box_of_dots, uniq_crazy_yiuf_cottage
D:3:      layout_basic, grunt_temple_overflow_open,
          chequers_serial_rivers_room_b, uniq_natasha
D:4:      layout_loops_cross, minmay_temple_entry_gardened_gates, serial_rivers,
          chequers_serial_rivers_micro_a, chequers_serial_rivers_room_b,
          chequers_serial_rivers_marsh, chequers_serial_rivers_micro_e,
          chequers_serial_rivers_small_b, chequers_serial_rivers_small_b,
          dreamdust_princess_corridor, nicolae_underground_beach, uniq_robin
D:5:      layout_loops_corners, serial_shops, shop, ebering_ghost_sewer_d,
          mrwooster_statue_mirror
Temple:   nicolae_temple_panitentiary

Notes
Turn   | Place    | Note
-------+----------+-------------------------------------------
     0 | D:1      | ytrimaz the Formicid Fighter began the quest for the Orb.
     0 | D:1      | Reached XP level 1. HP: 18/18 MP: 1/1
     0 | D:1      | magus.rc [v1.9.6]
   117 | D:1      | Reached XP level 2. HP: 24/24 MP: 2/2
   194 | D:1      | You fall into a shaft and drop 1 floor!
   253 | D:2      | Reached skill level 3 in Axes
   374 | D:2      | Reached XP level 3. HP: 26/29 MP: 3/3
   552 | D:2      | Found a runed translucent door.
   553 | D:2      | Noticed Crazy Yiuf
  1007 | D:1      | Reached skill level 4 in Axes
  1007 | D:1      | Reached XP level 4. HP: 35/35 MP: 4/4
  1694 | D:3      | Reached XP level 5. HP: 26/41 MP: 5/5
  1770 | D:3      | Reached skill level 5 in Axes
  1931 | D:3      | Found a sparkling altar of Nemelex Xobeh.
  1933 | D:3      | Found an opulent altar of Gozag.
  1935 | D:3      | Found a stormy altar of Qazlal.
  1974 | D:3      | Reached XP level 6. HP: 43/47 MP: 6/6
  2083 | D:3      | Noticed Natasha
  2093 | D:3      | Killed Natasha
  2094 | D:3      | Reached skill level 6 in Axes
  2322 | D:3      | Noticed Natasha
  2332 | D:3      | Killed Natasha
  2786 | D:4      | Reached skill level 7 in Axes
  2786 | D:4      | Reached XP level 7. HP: 44/52 MP: 7/7
  2849 | D:4      | Found a staircase to the Ecumenical Temple.
  2855 | D:4      | Noticed Robin
  2876 | D:4      | Killed Robin
  2882 | Temple   | Entered the Ecumenical Temple
  2882 | Temple   | Noticed a hellion
  2882 | Temple   | Noticed a Hell Sentinel
  2882 | Temple   | Noticed a red devil
  2883 | Temple   | Noticed Dongol the pandemonium lord
  2884 | Temple   | Noticed Deobb the pandemonium lord
  2884 | Temple   | Noticed an Ice Fiend
  2885 | Temple   | Noticed a red devil
  2888 | Temple   | Noticed Wizxal the pandemonium lord
  2894 | Temple   | Noticed a rust devil
  2895 | Temple   | Noticed a rust devil
  2897 | Temple   | Noticed a shadow demon
  2897 | Temple   | Noticed a shadow demon
  2932 | Temple   | Noticed Idghoc the pandemonium lord
  2932 | Temple   | Noticed an Executioner
  2934 | Temple   | Noticed a shadow demon
  2948 | Temple   | Noticed Josaethri the pandemonium lord
  2952 | Temple   | Noticed Zyqisuaha the pandemonium lord
  2953 | Temple   | Noticed a rust devil
  2953 | Temple   | Noticed an Executioner
  2953 | Temple   | Noticed a green death
  2954 | Temple   | Noticed a sixfirhy
  3110 | Temple   | Became a worshipper of Hepliaklqana the Forgotten
  3549 | D:5      | Entered Level 5 of the Dungeon
  3577 | D:5      | HP: 10/52 [gnoll/+0 spear[a gnoll bouda] (4)]
  3928 | D:5      | Reached skill level 8 in Axes
  4106 | D:5      | Noticed a troll
  4111 | D:5      | a troll changed into a raiju
  4111 | D:5      | Noticed a raiju
  4113 | D:5      | Gained mutation: Your body sometimes deteriorates upon
                  | taking damage. [potion of mutation]
  4113 | D:5      | Gained mutation: You are clumsy. (Dex -2) [potion of
                  | mutation]
  4113 | D:5      | Gained mutation: You have large cloven feet. [potion of
                  | mutation]
  4113 | D:5      | HP: 2/52 [raiju/living lightning (14)]
  4443 | D:5      | HP: 12/52 [raiju/living lightning (8)]
  4444 | D:5      | HP: 3/52 [raiju (7)]
  4445 | D:5      | Slain by a raiju

Vanquished Creatures
  A phantom (D:4)
  A howler monkey (D:3)
  A jelly (D:3)
  2 hounds (D:5)
  An orc priest (D:5)
  An orc wizard (D:5)
  A gnoll bouda (D:5)
  2 iguanas (D:4)
  A sleepcap (D:5)
  Natasha (twice) (D:3)
  Robin (D:4)
  11 gnolls
  8 adders
  2 ufetubi (D:4)
  2 worms
  3 dart slugs
  4 orcs
  7 endoplasms
  3 giant cockroaches
  14 goblins
  4 hobgoblins
  5 kobolds
  9 ball pythons
  2 bats
  4 frilled lizards (D:1)
  6 rats
98 creatures vanquished.

Vanquished Creatures (others)
  4 plants (D:4)
4 creatures vanquished.

Grand Total: 102 creatures vanquished

Table legend:
 A = Non-vault XP
 B = Vault XP
 C = Vault XP percentage of total XP
 D = Non-vault monster count
 E = Vault monster count
 F = Vault count percentage of total count
                 A         B        C        D         E       F
            +---------+---------+-------+---------+---------+-------
      Total |     911 |      74 |   7.5 |      83 |      15 |  15.3
            +---------+---------+-------+---------+---------+-------
        D:1 |      33 |       0 |   0.0 |      21 |       0 |   0.0
        D:2 |      53 |       1 |   1.9 |      10 |       1 |   9.1
        D:3 |     237 |      35 |  12.9 |      18 |       1 |   5.3
        D:4 |     231 |      38 |  14.1 |      16 |      13 |  44.8
        D:5 |     357 |       0 |   0.0 |      18 |       0 |   0.0
            +---------+---------+-------+---------+---------+-------

Illustrated notes

Table legend:
 A = Kills in this place as a percentage of kills in the entire game.
 B = Kills by you in this place as a percentage of kills by you in the entire game.
 C = Kills by friends in this place as a percentage of kills by friends in the entire game.
 D = Other kills in this place as a percentage of other kills in the entire game.
 E = Experience gained in this place as a percentage of experience gained in the entire game.
 F = Experience gained in this place divided by the number of levels of this place that you have seen.
                   A       B       C       D       E      F
               +-------+-------+-------+-------+-------+----------------------
         Total | 100.0 | 100.0 |   N/A |   N/A | 100.0 | 164.2
       Dungeon | 100.0 | 100.0 |   N/A |   N/A | 100.0 | 197.0
               +-------+-------+-------+-------+-------+----------------------

Table legend: (Time is in decaauts)
 A = Elapsed time spent in this place.
 B = Non-inter-level travel time spent in this place.
 C = Inter-level travel time spent in this place.
 D = Time resting spent in this place.
 E = Time spent auto-exploring this place.
 F = Levels seen in this place.
 G = Mean time per level.
                   A        B        C        D        E       F      G
               +--------+--------+--------+--------+--------+-----+--------+
         Total |   4537 |   4313 |    224 |    386 |   3048 |   6 |  756.2 |
       Dungeon |   4293 |   4106 |    187 |    386 |   2923 |   5 |  858.6 |
        Temple |    243 |    206 |     37 |      0 |    125 |   1 |  243.0 |
               +--------+--------+--------+--------+--------+-----+--------+

Top non-repeatable levels by time:
     D:4: 1183 daAuts
     D:1: 885 daAuts
     D:2: 830 daAuts
     D:3: 793 daAuts
     D:5: 601 daAuts
  Temple: 243 daAuts
